Map: Vigía EE

Players

MrFercho - Winner!

  • Race: Zerg Zerg
  • League: Gold
  • Spawn Location: 9:00

TATORREA - Winner!

  • Race: Protoss Protoss
  • League: Gold
  • Spawn Location: 12:00

tigro - Winner!

  • Race: Terran Terran
  • League: Bronze
  • Spawn Location: 9:00

Usagi

  • Race: Zerg Zerg
  • League: Silver
  • Spawn Location: 6:00

thorset

  • Race: Terran Terran
  • League: Gold
  • Spawn Location: 5:00

Jaime

  • Race: Protoss Protoss
  • League: Silver
  • Spawn Location: 5:00

VOD

Have the link to the VOD?

Description

Time

  • Played on: Aug. 16, 2020, 10 p.m.
  • Length: 19:03
Show
View Real Time Build Order
Export as new Build Order

MrFercho Zerg - Winner!

Build Orders: Hatch First, Lurkers 

Get SALT Encoding   

  12  0:01  Drone  
  13  0:14  Overlord  
  13  0:17  Drone  
  14  0:33  Drone  
  14  0:34  Drone  
  16  0:51  Hatchery  
  16  0:53  Drone  
  16  0:57  Drone  
  16  1:02  Drone  
  18  1:12  Extractor  
  18  1:17  Spawning Pool  
  16  1:20  Drone  
  16  1:23  Drone  
  18  1:30  Drone  
  19  1:44  Drone  
  20  1:54  Overlord  
  20  2:02  Drone  
  20  2:03  Drone  
  22  2:14  Zergling x2  
  23  2:17  Zergling x2  
  24  2:28  Zergling x2  
  24  2:29  Zergling x2  
  26  2:36  Zergling x4  
  24  2:46  Queen x2  
  24  2:48  Zergling x4  
  29  2:58  Zergling x4  
  28  3:15  Drone x2  
  30  3:27  Drone x2  
  30  3:45  Metabolic Boost  
  30  3:50  Lair  
  30  3:54  Drone x3  
  33  4:03  Drone x3  
  36  4:20  Overlord  
  36  4:21  Overlord  
  36  4:31  Baneling Nest  
  36  4:33  Evolution Chamber, Drone  
  36  4:34  Drone  
  36  4:39  Drone x3  
  39  4:48  Overlord  
  39  4:55  Drone  
  39  4:56  Drone x4  
  44  5:01  Queen  
  44  5:06  Zerg Melee Weapons Level 1  
  46  5:09  Zergling x4  
  48  5:14  Drone x2  
  48  5:16  Drone  
  48  5:17  Drone  
  55  5:28  Drone x6  
  55  5:31  Extractor  
  55  5:34  Extractor  
  56  5:36  Queen  
  56  5:41  Zergling x4  
  60  5:48  Overlord  
  60  5:49  Overlord x2  
  60  5:55  Centrifical Hooks  
  60  6:12  Evolution Chamber  
  60  6:14  Nydus Network  
  60  6:16  Drone  
  60  6:18  Zergling x2  
  60  6:19  Zergling x16  
  69  6:32  Evolution Chamber  
  68  6:37  Drone x2  
  68  6:38  Hydralisk Den, Drone  
  68  6:39  Zergling x4  
  72  7:14  Zergling x8  
  76  7:19  Overlord, Muscular Augments  
  76  7:20  Overlord x3  
  76  7:22  Zerg Melee Weapons Level 2  
  76  7:23  Zerg Missile Weapons Level 1  
  76  7:36  Overlord x2  
  72  7:47  Zergling x4  
  72  7:48  Zergling x12  
  62  7:59  Zergling x2  
  62  8:00  Zergling x6  
  66  8:17  Spore Crawler  
  65  8:20  Spore Crawler  
  65  8:21  Drone x2  
  65  8:24  Drone  
  65  8:25  Hatchery  
  66  8:29  Extractor  
  66  8:30  Grooved Spines, Drone x3  
  66  8:31  Drone  
  66  8:32  Overlord  
  69  8:42  Baneling x5  
  69  8:43  Baneling x27  
  69  8:46  Hydralisk  
  71  9:01  Spore Crawler  
  54  9:11  Zergling x14  
  54  9:12  Zergling x8  
  65  9:28  Infestation Pit  
  65  9:29  Zergling x10  
  69  9:47  Lurker Den  
  69  9:48  Zerg Missile Weapons Level 2  
  69  9:51  Spire  
  67  9:56  Hydralisk x2  
  67  9:57  Hydralisk  
  73  10:15  Hydralisk x4  
  73  10:16  Hydralisk  
  83  10:24  Hatchery, Overseer  
  82  10:29  Overseer  
  82  10:31  Overlord x2  
  82  10:38  Hatchery  
  82  10:41  Hive  
  81  11:17  Lurker x4  
  85  11:41  Overseer  
  85  11:44  Drone x13  
  85  11:45  Drone x2  
  100  12:12  Adaptive Talons  
  100  12:14  Greater Spire  
  100  12:24  Hydralisk x5  
  110  12:31  Extractor  
  110  12:33  Extractor  
  108  13:04  Hydralisk x3  
  108  13:05  Hydralisk x6  
  126  13:09  Seismic Spines  
  126  13:39  Overseer  
  126  14:33  Corruptor x3  
  126  14:34  Corruptor x5  
  126  14:35  Corruptor x4  
  126  14:36  Corruptor  
  152  14:38  Overlord  
  152  14:39  Overlord x6  
  152  14:40  Overlord  
  152  14:42  Zergling x4  
  152  14:43  Zergling x24  
  166  14:53  Zerg Flyer Weapons Level 1  
  166  15:02  Extractor  
  165  15:34  Nydus Canal  
  161  15:37  Extractor  
  160  15:43  Baneling  
  160  15:44  Baneling x2  
  160  15:59  Brood Lord x6  
  160  16:01  Brood Lord  
  172  16:47  Nydus Canal  
  128  17:40  Zergling x10  
  128  17:41  Zergling x52  
  128  17:42  Zergling x14  
  165  18:14  Spore Crawler  
  165  18:15  Spore Crawler  
  165  18:17  Spore Crawler  
  158  18:21  Spore Crawler  
  158  18:25  Spore Crawler x2  
  155  18:27  Spore Crawler  
Show
View Real Time Build Order
Export as new Build Order

TATORREA Protoss - Winner!

Build Orders:  

Get SALT Encoding   

  12  0:02  Probe  
  13  0:14  Probe  
  14  0:25  Pylon  
  14  0:26  Probe  
  15  0:43  Probe  
  15  0:49  Gateway  
  16  0:55  Probe  
  17  1:07  Probe  
  18  1:18  Gateway  
  18  1:19  Probe  
  19  1:31  Assimilator, Probe  
  20  1:33  Pylon  
  20  1:37  Assimilator, Pylon  
  20  1:43  Probe  
  21  1:53  Cybernetics Core  
  20  1:57  Probe (Chrono Boost)  
  21  2:07  Probe (Chrono Boost)  
  7  2:36  Probe (Chrono Boost)  
  8  2:48  Probe (Chrono Boost)  
  9  2:52  Probe (Chrono Boost)  
  10  3:03  Probe (Chrono Boost)  
  11  3:15  Probe (Chrono Boost)  
  12  3:20  Probe (Chrono Boost)  
  13  3:29  Probe (Chrono Boost)  
  14  3:38  Probe (Chrono Boost)  
  15  3:43  Probe (Chrono Boost)  
  16  3:52  Twilight Council  
  16  3:55  Probe  
  16  4:00  Warp Gate  
  17  4:03  Adept  
  17  4:04  Adept  
  17  4:08  Probe  
  22  4:20  Probe  
  22  4:22  Resonating Glaives (Chrono Boost)  
  23  4:32  Probe  
  23  4:37  Adept  
  26  4:40  Adept  
  26  4:44  Probe  
  29  4:56  Probe  
  30  5:07  Adept  
  30  5:10  Adept  
  34  5:14  Probe  
  35  5:37  Nexus  
  35  5:39  Pylon  
  35  5:51  Adept x2  
  39  5:57  Probe  
  40  6:09  Probe  
  41  6:13  Pylon  
  41  6:21  Probe  
  42  6:34  Probe  
  43  6:46  Probe  
  42  6:58  Probe  
  37  7:12  Probe x2  
  37  7:15  Stalker  
  35  7:16  Stalker  
  37  7:24  Forge, Probe x2  
  37  7:28  Pylon  
  37  7:31  Pylon  
  37  7:36  Probe x2  
  39  7:40  Stalker  
  39  7:41  Stalker  
  43  7:48  Pylon, Probe x2  
  43  7:50  Pylon  
  45  8:00  Probe  
  45  8:01  Assimilator, Probe  
  45  8:03  Assimilator  
  45  8:05  Stalker x2  
  51  8:07  Protoss Ground Weapons Level 1 (Chrono Boost)  
  51  8:12  Probe  
  52  8:13  Probe  
  53  8:22  Photon Cannon  
  53  8:24  Probe  
  53  8:25  Photon Cannon, Probe  
  55  8:37  Probe x2  
  57  8:44  Shield Battery  
  57  8:46  Photon Cannon  
  57  8:56  Charge (Chrono Boost)  
  57  9:03  Photon Cannon  
  57  9:05  Photon Cannon  
  57  9:07  Shield Battery  
  57  9:08  Stalker  
  57  9:09  Stalker  
  55  9:33  Stalker x2  
  59  9:50  Nexus  
  59  9:53  Pylon  
  59  9:56  Pylon  
  59  10:07  Protoss Ground Weapons Level 2 (Chrono Boost)  
  59  10:15  Gateway, Zealot  
  59  10:17  Zealot  
  59  10:18  Gateway  
  59  10:21  Gateway  
  63  10:22  Gateway, Probe x2  
  63  10:25  Gateway  
  63  10:27  Gateway  
  65  10:36  Robotics Facility  
  65  10:38  Probe x2  
  67  10:43  Blink  
  67  10:45  Assimilator x2  
  67  10:50  Probe  
  67  10:51  Probe  
  69  11:02  Probe  
  69  11:03  Probe  
  71  11:10  Probe  
  71  11:11  Templar Archives  
  72  11:14  Probe  
  72  11:15  Probe  
  74  11:22  Stalker, Probe  
  74  11:23  Stalker x2  
  81  11:27  Stalker  
  81  11:30  Stalker  
  85  11:33  Stalker  
  85  11:38  Probe  
  88  11:42  Stalker  
  88  11:43  Stalker  
  92  11:47  Probe  
  93  12:00  Psionic Storm, Nexus  
  93  12:01  Pylon  
  93  12:05  Pylon  
  93  12:13  High Templar x2  
  93  12:14  High Templar x3  
  103  12:17  High Templar x2  
  103  12:19  High Templar  
  109  12:23  Archon  
  109  12:24  Archon x2  
  109  12:25  Archon  
  109  12:32  Observer  
  110  12:37  Protoss Ground Weapons Level 3 (Chrono Boost), Probe x3  
  113  12:49  Probe x3  
  116  12:51  Stalker  
  116  12:52  Stalker x3  
  116  12:53  Stalker  
  116  12:55  Stalker  
  116  12:56  Stalker  
  130  12:59  Stalker  
  130  13:02  Probe  
  130  13:03  Probe  
  130  13:04  Probe  
  135  13:14  Probe  
  135  13:15  Probe  
  135  13:16  Probe  
  138  13:25  Probe  
  138  13:26  Probe  
  140  13:27  Probe  
  140  13:28  Probe  
  140  13:30  Assimilator  
  140  13:32  Assimilator  
  142  13:34  Gateway  
  142  13:35  Gateway  
  142  13:38  Gateway  
  142  13:41  Pylon  
  142  13:42  Pylon  
  142  13:44  Probe  
  142  13:45  Pylon, Probe x3  
  142  13:48  Zealot x2  
  150  14:27  Stalker x3  
  150  14:28  Stalker x4  
  150  14:29  Stalker  
  166  14:34  High Templar  
  166  14:35  High Templar x2  
  172  14:40  Archon  
  172  14:42  Nexus  
  172  14:43  Pylon  
  172  14:45  Pylon  
  172  15:01  Protoss Shields Level 1 (Chrono Boost)  
  172  15:04  Zealot x2  
  172  15:05  Zealot x4  
  172  15:06  Zealot x2  
  188  15:07  Zealot x2  
  188  15:08  Zealot  
  194  15:25  Pylon  
  194  15:26  Pylon  
  194  15:31  Pylon  
  194  15:49  Pylon  
  194  15:53  Pylon  
  194  15:55  Pylon  
  194  15:56  Zealot  
  194  15:57  Zealot x4  
  170  15:58  Zealot x3  
  170  15:59  Zealot x3  
  170  16:00  Gateway  
  170  16:01  Gateway  
  170  16:03  Gateway  
  156  16:05  Pylon  
  156  16:10  Gateway  
  124  16:12  Assimilator x2  
  96  16:41  Gateway  
  96  16:54  High Templar x5  
  98  16:55  High Templar x3  
  98  16:56  High Templar x3  
  98  17:00  Archon x3  
  98  17:01  Gateway, Archon x2  
  108  17:03  Gateway  
  108  17:07  Gateway  
  108  17:08  Gateway  
  102  17:12  Gateway  
  102  17:14  Gateway  
  102  17:16  Gateway, Forge  
  102  17:18  Gateway  
  102  17:22  Gateway  
  102  17:24  Gateway  
  102  17:28  Gateway, Zealot x2  
  102  17:29  Zealot x3  
  112  17:30  Zealot x3  
  112  17:31  Zealot  
  112  17:32  Zealot x4  
  112  17:33  Zealot x2  
  112  17:36  Gateway  
  132  17:39  Gateway  
  132  17:42  Gateway  
  132  17:44  Nexus  
  132  17:45  Gateway  
  132  17:48  Pylon x2  
  132  17:49  Gateway x2  
  132  18:04  Photon Cannon  
  132  18:05  Photon Cannon  
  132  18:07  Photon Cannon  
  132  18:10  Photon Cannon  
  132  18:13  Photon Cannon  
  132  18:15  Photon Cannon  
  132  18:18  Photon Cannon  
  132  18:19  Zealot  
  134  18:20  Zealot x5  
  134  18:21  Photon Cannon  
  134  18:22  Stalker  
  134  18:24  Stalker  
  148  18:27  Stalker  
  148  18:28  Photon Cannon  
  148  18:32  Photon Cannon x2  
  150  18:35  Photon Cannon  
Show
View Real Time Build Order
Export as new Build Order

tigro Terran - Winner!

Build Orders:  

Get SALT Encoding   

  12  0:15  SCV  
  13  0:25  Supply Depot  
  13  0:27  SCV  
  14  0:39  SCV  
  15  0:48  Supply Depot  
  15  0:51  SCV  
  15  0:56  Barracks  
  16  1:02  Refinery  
  16  1:03  SCV  
  17  1:17  SCV  
  18  1:28  Refinery  
  18  1:29  SCV  
  19  1:41  SCV  
  19  1:46  Marine  
  21  1:53  SCV  
  22  2:04  Marine  
  22  2:05  SCV  
  24  2:14  Factory  
  24  2:17  SCV  
  24  2:22  Marine  
  26  2:40  Marine  
  27  2:57  Marine  
  27  3:56  Barracks Tech Lab  
  27  4:01  Factory Tech Lab  
  27  4:09  Orbital Command  
  27  4:15  Command Center  
  27  4:16  Engineering Bay  
  27  4:30  Combat Shield  
  27  4:42  Siege Tank  
  30  4:55  Missile Turret  
  30  5:10  Marine  
  31  5:14  Siege Tank  
  31  5:15  Terran Infantry Weapons Level 1  
  31  5:19  Missile Turret  
  34  5:28  Marine, Refinery  
  35  5:46  Marine, Siege Tank  
  35  5:49  Stimpack  
  39  5:53  Missile Turret  
  39  6:03  Marine  
  40  6:06  SCV  
  41  6:18  SCV  
  42  6:21  Marine  
  42  6:22  Starport  
  43  6:29  Missile Turret  
  43  6:30  SCV  
  44  6:42  SCV  
  44  6:46  Marine  
  46  6:54  SCV  
  46  7:00  Medivac, Armory  
  49  7:03  Missile Turret  
  49  7:04  Marine  
  50  7:09  Terran Infantry Armor Level 1  
  50  7:22  Marine  
  51  7:23  SCV  
  51  7:26  Missile Turret  
  64  7:30  Medivac  
  52  7:35  SCV  
  55  7:39  Marine  
  56  7:47  SCV  
  57  7:57  Marine  
  58  7:59  SCV  
  59  8:11  SCV  
  36  8:45  Starport Tech Lab  
  32  9:03  Neosteel Armor, Planetary Fortress  
  32  9:04  Missile Turret  
  32  9:06  Marine  
  32  9:24  Thor, Marine  
  39  9:37  Refinery  
  39  9:42  Marine, Terran Vehicle Weapons Level 1  
  40  9:56  Barracks  
  40  10:00  Marine  
  41  10:07  Thor  
  41  10:12  SCV  
  48  10:17  Marine  
  49  10:24  SCV  
  50  10:35  Marine  
  50  10:36  SCV  
  52  10:43  Hi-Sec Auto Tracking  
  52  10:45  Barracks Reactor  
  52  10:47  Fusion Core  
  52  10:48  SCV  
  53  10:50  Thor  
  53  10:53  Marine  
  53  10:54  Medivac  
  62  11:19  Supply Depot  
  62  11:36  Terran Vehicle And Ship Armor Level 1  
  62  11:40  Thor, Terran Infantry Weapons Level 2, Marine  
  62  11:41  SCV  
  62  11:43  Supply Depot  
  62  11:44  Marine x2  
  72  11:53  SCV  
  73  11:58  Marine  
  74  12:02  Marine x2  
  74  12:06  Supply Depot  
  76  12:10  Missile Turret  
  76  12:16  Marine  
  76  12:19  Marine x2  
  76  12:21  Weapon Refit  
  79  12:28  Battlecruiser  
  85  12:31  Missile Turret  
  85  12:34  Marine  
  86  12:37  Marine x2  
  88  12:52  Marine  
  88  12:54  Missile Turret  
  89  13:06  Thor  
  95  13:13  Command Center  
  95  13:16  Missile Turret  
  95  13:17  Missile Turret  
  95  13:31  Terran Ship Weapons Level 1  
  95  13:32  Medivac  
  95  13:33  Marine  
  95  13:34  Marine  
  99  13:42  Missile Turret  
  99  13:56  Siege Tank, Terran Infantry Armor Level 2  
  99  14:01  Rapid Reignition System  
  102  14:06  Refinery  
  102  14:12  Battlecruiser  
  102  14:15  Missile Turret  
  108  14:28  Siege Tank  
  86  15:16  Battlecruiser  
  55  15:24  Terran Vehicle Weapons Level 2  
  52  15:35  Planetary Fortress  
  52  15:37  Marine x3, Refinery  
  55  15:55  Marine x3  
  58  16:07  Thor  
  64  16:12  Terran Infantry Weapons Level 3, Marine  
  64  16:13  Marine x2  
  67  16:20  Medivac  
  69  16:30  Marine x2  
  69  16:31  Marine  
  72  16:48  Marine x2  
  72  16:49  Marine  
  72  16:50  Thor, Battlecruiser  
  81  17:06  Marine x3  
  84  17:24  Marine x3  
  87  17:33  Thor  
  93  17:41  Marine  
  93  17:42  Marine x2  
  80  17:54  Battlecruiser  
  83  18:00  Marine  
  78  18:17  Marine x2  
  78  18:18  Marine  
  80  18:35  Marine x3  
Show
View Real Time Build Order
Export as new Build Order

Usagi Zerg 

Build Orders: Hatch First 

Get SALT Encoding   

  12  0:01  Drone  
  13  0:22  Overlord  
  13  0:23  Overlord  
  13  1:04  Hatchery  
  12  1:39  Drone x2  
  15  1:40  Drone  
  15  1:45  Spawning Pool  
  15  1:46  Extractor  
  13  2:19  Drone x4  
  17  2:35  Roach Warren  
  16  2:39  Extractor  
  15  2:45  Zergling x6  
  18  2:53  Drone x3  
  18  2:56  Queen  
  23  2:58  Queen  
  25  3:15  Baneling Nest  
  24  3:31  Roach x3  
  30  4:02  Spore Crawler  
  29  4:03  Drone x2  
  29  4:04  Drone x4  
  29  4:09  Drone  
  36  4:30  Lair  
  36  4:57  Overlord x3  
  36  5:00  Evolution Chamber  
  35  5:45  Spire  
  34  6:06  Drone x3  
  34  6:07  Drone x9  
  46  6:22  Ravager x2  
  46  6:23  Ravager  
  49  6:26  Overlord  
  49  6:27  Overlord  
  49  6:28  Roach  
  51  6:34  Glial Reconstitution  
  37  7:12  Roach  
  37  7:13  Roach x7  
  40  7:40  Zergling x6  
  40  7:41  Zergling x6  
  19  8:04  Roach x4  
  18  8:23  Drone x2  
  18  8:25  Queen  
  18  8:26  Queen  
  25  8:41  Ravager x4  
  25  8:42  Ravager  
  25  8:45  Drone  
  30  9:01  Queen  
  32  9:10  Drone  
  33  9:31  Mutalisk  
  35  10:24  Mutalisk x2  
  39  10:30  Drone x3  
  39  10:31  Drone  
  43  10:52  Drone x2  
  43  10:53  Drone  
  46  10:59  Drone  
  47  11:33  Drone x5  
  47  11:34  Drone x4  
  56  11:53  Drone x5  
  56  11:54  Drone  
  62  11:56  Extractor  
  61  12:08  Drone x4  
  65  12:09  Drone  
  66  12:15  Overlord  
  66  12:44  Spore Crawler  
  65  12:52  Drone x10  
  75  13:00  Extractor  
  75  13:03  Overseer  
  74  13:28  Drone  
  74  13:29  Overlord  
  74  13:30  Overlord x2  
  75  14:01  Overseer  
  75  14:21  Mutalisk x5  
  75  14:22  Mutalisk x7  
  99  14:32  Overlord x2  
  99  14:58  Roach x2  
  99  14:59  Roach x5  
  113  15:16  Roach  
  113  15:17  Overlord x2  
  113  15:18  Overlord  
  115  15:45  Corruptor x3  
  115  15:46  Corruptor x2  
  88  16:43  Roach x6  
  92  17:04  Mutalisk x2  
  96  17:19  Roach x4  
  100  17:50  Roach  
  100  17:51  Roach x9  
Show
View Real Time Build Order
Export as new Build Order

thorset Terran 

Build Orders:  

Get SALT Encoding   

  12  0:00  SCV  
  13  0:12  SCV  
  14  0:24  Supply Depot  
  14  0:25  SCV  
  15  0:32  Refinery  
  15  0:45  SCV  
  15  0:48  Barracks  
  16  0:57  SCV  
  17  1:06  Refinery  
  17  1:11  SCV  
  18  1:33  SCV  
  19  1:44  Barracks Tech Lab, Factory  
  19  1:48  Orbital Command  
  19  2:00  Supply Depot  
  19  2:10  Marine  
  20  2:23  SCV  
  20  2:29  Supply Depot  
  21  2:35  SCV  
  22  2:41  Barracks Reactor  
  22  2:45  Supply Depot, Siege Tank  
  22  2:50  SCV  
  26  3:02  Supply Depot, SCV  
  27  3:17  Barracks  
  27  3:23  Siege Tank  
  30  3:36  SCV  
  31  3:45  Engineering Bay  
  31  4:06  Barracks Tech Lab  
  31  4:18  Command Center  
  31  4:23  Missile Turret  
  31  4:43  Starport  
  31  4:44  Missile Turret  
  31  4:45  SCV  
  32  4:57  Marine x2, SCV  
  32  4:58  Marine  
  36  5:00  Siege Tank  
  39  5:12  Missile Turret  
  39  5:23  SCV  
  39  5:26  Starport Reactor  
  40  5:40  Orbital Command  
  40  5:41  Refinery  
  40  5:49  Armory, SCV  
  41  6:02  SCV  
  41  6:03  Viking x2  
  46  6:11  SCV  
  46  6:14  SCV  
  48  6:22  Refinery  
  48  6:23  SCV  
  49  6:27  Marine x2  
  49  6:28  Marine  
  49  6:32  Siege Tank  
  55  7:15  SCV x2  
  57  7:27  SCV  
  58  7:34  Missile Turret  
  58  7:56  Missile Turret  
  58  8:02  Marine  
  58  8:03  Marine x2  
  64  8:05  Siege Tank  
  64  8:06  Medivac  
  64  8:07  Medivac  
  65  8:18  Missile Turret  
  65  8:20  Marine x2  
  66  8:40  Missile Turret  
  66  8:42  SCV x2  
  66  8:44  Fusion Core  
  68  8:54  SCV x2  
  70  8:56  Supply Depot  
  70  9:00  Stimpack  
  58  9:10  Factory  
  58  9:14  Starport  
  58  9:20  Supply Depot  
  48  9:42  Supply Depot  
  48  9:55  Marine x3  
  48  9:57  Thor  
  57  10:00  Medivac x2  
  57  10:03  Starport Tech Lab  
  57  10:05  Factory Tech Lab  
  61  10:11  Factory  
  61  10:16  Starport  
  61  10:19  Engineering Bay  
  61  10:20  Armory  
  61  10:23  Armory  
  61  10:30  Supply Depot  
  61  10:32  SCV x2  
  63  10:39  Combat Shield  
  63  10:44  SCV x2  
  65  10:52  Supply Depot  
  65  10:56  SCV x2  
  67  11:01  Command Center, Refinery  
  67  11:08  SCV  
  67  11:09  Refinery  
  68  11:15  Supply Depot, Smart Servos  
  68  11:28  Starport Tech Lab  
  68  11:30  Factory Tech Lab  
  68  11:54  Terran Ship Weapons Level 1, Terran Vehicle Weapons Level 1  
  68  11:55  Terran Vehicle And Ship Armor Level 1  
  68  11:57  Terran Infantry Armor Level 1, Terran Infantry Weapons Level 1  
  68  11:58  Marine x2  
  68  11:59  Marine  
  68  12:00  Thor  
  68  12:01  Thor  
  77  12:03  Siege Tank  
  86  12:33  SCV x2  
  88  12:38  Orbital Command  
  88  12:43  Barracks  
  88  12:45  SCV x2  
  88  12:46  Marine x3  
  96  12:57  SCV x2  
  98  13:09  SCV x2  
  100  13:21  SCV x2  
  102  13:32  Supply Depot  
  102  13:56  Barracks Reactor, Supply Depot  
  102  14:04  Barracks  
  102  14:06  Raven  
  102  14:08  Battlecruiser  
  110  14:15  Marine x3  
  113  14:18  Supply Depot  
  113  14:21  Thor  
  113  14:22  Thor  
  125  14:33  Marine  
  126  14:42  Supply Depot  
  126  14:47  Siege Tank  
  126  14:49  Battlecruiser  
  132  14:53  Ghost Academy x2  
  132  14:54  Ghost Academy  
  132  15:01  Barracks Reactor  
  118  15:18  Command Center, Refinery  
  117  15:21  Refinery  
  114  15:47  Marine x2  
  79  16:27  Weapon Refit  
  79  16:32  Personal Cloaking  
  78  16:33  Nuke x2  
  77  17:00  Marine x5  
  77  17:01  Ghost, Siege Tank x2  
  62  17:07  Supply Depot  
  54  17:08  Supply Depot  
  54  17:09  Supply Depot  
  54  17:14  Supply Depot  
  54  17:15  Supply Depot  
  51  17:19  Supply Depot  
Show
View Real Time Build Order
Export as new Build Order

Jaime Protoss 

Build Orders: Cannon Rush 

Get SALT Encoding   

  12  0:01  Probe  
  13  0:15  Pylon  
  13  0:23  Probe  
  14  0:35  Probe  
  15  0:38  Forge  
  15  0:54  Pylon  
  15  1:07  Gateway  
  15  1:11  Pylon  
  15  1:31  Photon Cannon  
  15  1:34  Pylon  
  15  1:55  Photon Cannon  
  15  1:57  Photon Cannon  
  15  1:59  Pylon  
  15  2:22  Photon Cannon  
  15  2:29  Photon Cannon  
  15  2:38  Photon Cannon  
  15  2:40  Photon Cannon  
  15  2:49  Photon Cannon  
  15  3:06  Photon Cannon  
  15  3:19  Photon Cannon  
  15  3:33  Pylon  
  15  3:37  Cybernetics Core  
  15  3:39  Assimilator  
  15  3:51  Probe  
  16  3:57  Assimilator  
  16  4:00  Gateway  
  16  4:03  Probe  
  17  4:15  Probe  
  18  4:27  Probe  
  19  4:39  Probe  
  20  4:51  Probe  
  21  4:56  Gateway  
  21  4:58  Pylon  
  21  4:59  Warp Gate  
  21  5:02  Pylon  
  21  5:13  Twilight Council  
  21  5:21  Zealot  
  21  5:22  Zealot  
  25  5:42  Stargate  
  25  5:48  Zealot  
  27  5:52  Charge  
  27  5:59  Probe  
  28  6:15  Gateway  
  28  6:17  Gateway  
  28  6:20  Zealot x2  
  32  6:28  Void Ray  
  36  6:54  Zealot  
  38  7:10  Void Ray  
  38  7:27  Probe  
  38  7:39  Probe  
  38  7:40  Zealot  
  38  7:41  Zealot  
  38  7:42  Zealot  
  41  8:16  Void Ray  
  45  8:20  Zealot  
  47  9:00  Void Ray  
  29  9:29  Zealot  
  29  9:30  Zealot x2  
  29  9:31  Zealot  
  37  9:43  Void Ray  
  41  10:04  Nexus  
  41  10:12  Pylon  
  41  10:23  Pylon  
  41  10:26  Void Ray  
  45  10:42  Photon Cannon  
  45  10:52  Photon Cannon  
  45  11:02  Assimilator  
  45  11:07  Assimilator  
  45  11:09  Void Ray  
  49  11:21  Probe  
  50  11:33  Probe  
  51  11:45  Probe  
  52  11:57  Probe  
  52  11:59  Pylon  
  53  12:02  Zealot  
  53  12:08  Zealot  
  57  12:10  Probe  
  58  12:22  Probe  
  59  12:34  Probe  
  59  12:36  Zealot  
  62  12:37  Zealot  
  64  12:46  Probe  
  65  12:58  Probe  
  66  12:59  Stargate  
  66  13:03  Zealot  
  68  13:06  Zealot  
  68  13:10  Probe  
  71  13:22  Probe  
  71  13:25  Void Ray  
  76  13:30  Zealot  
  76  13:32  Protoss Ground Weapons Level 1  
  78  13:34  Probe  
  79  13:46  Probe  
  80  13:49  Protoss Air Weapons Level 1  
  80  13:58  Probe  
  81  14:04  Fleet Beacon  
  81  14:10  Probe  
  81  14:11  Zealot x2  
  86  14:34  Pylon  
  86  14:38  Pylon  
  86  14:52  Probe  
  87  15:04  Probe  
  88  15:09  Zealot  
  88  15:10  Zealot  
  88  15:13  Pylon  
  88  15:16  Probe  
  88  15:18  Pylon  
  83  15:35  Zealot  
  85  15:36  Zealot x2  
  85  15:37  Zealot  
  85  15:38  Zealot  
  63  16:01  Zealot  
  63  16:02  Zealot x2  
  63  16:03  Zealot  
  18  16:33  Zealot  
  18  16:34  Zealot x2  
  18  16:35  Zealot  
Tags
 
Add a new tag
Caveats
  • Supply blocks, unpowered buildings, or Contaminate may cause inaccurate times.
  • Supply counts are checked every 10 seconds.